 Dungeon Crawl Stone Soup version 0.29.1-15-g9cfb28693d (webtiles) character file.

Game seed: 2734332702711832425

688 hawla the Firebug (level 8, -3/58 HPs)
             Began as a Meteoran Fire Elementalist on Feb 21, 2023.
             Slain by a troll (11 damage)
             ... on level 5 of the Dungeon.
             The game lasted 00:04:36 (588 turns).

hawla the Firebug (Meteoran Fire Elementalist)       Turns: 588, Time: 00:04:38

Health: -3/58      AC:  2    Str:  9    XL:     8   Next: 16%
Magic:  7/18       EV: 13    Int: 20    God:
Gold:   27         SH:  0    Dex: 14    Spells: 12/19 levels left

rFire   . . .      SeeInvis .   i - +1 long sword (elec)
rCold   . . .      Faith    .   (no shield)
rNeg    . . .      Spirit   .   a - +0 robe
rPois   .          Reflect  .   (no helmet)
rElec   .          Harm     .   (no cloak)
rCorr   .          Rampage  .   (no gloves)
Will    +....                   (no boots)
Stlth   +.........              (no amulet)
HPRegen 0.19/turn               (no ring)
MPRegen 0.16/turn               (no ring)

@: glowing
A: sense surroundings 1, otherworldly, glowing, explore regen
a: no special abilities


You were on level 5 of the Dungeon.
You visited 1 branch of the dungeon, and saw 5 of its levels.

You collected 27 gold pieces.

Inventory:

Hand Weapons
 i - a +1 long sword of electrocution (weapon)
Armour
 a - a +0 robe (worn)
Jewellery
 l - a ring of ice
Scrolls
 c - a scroll of poison {unknown}
 d - a scroll of identify
 f - 3 scrolls of enchant weapon {unknown}
 h - a scroll of teleportation {unknown}
 k - a scroll of vulnerability {unknown}
Potions
 e - 2 potions of curing
 g - a potion of attraction {unknown}
 j - a potion of heal wounds {unknown}
 m - a potion of invisibility {unknown}


   Skills:
 + Level 0.3 Fighting
 + Level 0.4 Long Blades
 + Level 3.3 Dodging
 - Level 1.4 Stealth
 + Level 6.2 Spellcasting
 + Level 5.2 Conjurations
 + Level 6.3 Fire Magic


You had 12 spell levels left.
You knew the following spells:

 Your Spells              Type           Power      Damage    Failure   Level
a - Foxfire               Conj/Fire      100%       2x1d9     1%          1
b - Scorch                Fire           62%        2d8       1%          2
c - Flame Wave            Conj/Fire      29%        2d9       10%         4

Your spell library contained the following spells:

 Spells                   Type           Power      Damage    Failure   Level
 Conjure Flame            Conj/Fire      29%        6-21      2%          3
 Inner Flame              Hex/Fire       18%        N/A       9%          3


Dungeon Overview and Level Annotations

Branches:
Dungeon (5/15) Zot: 2409
 Temple: D:4-7

Altars:
Hepliaklqana

Shops:
D:4 ([

Annotations:
D:5 Blork the orc


Innate Abilities, Weirdness & Mutations

You passively map a small area around you.
You are easily found by Zot.
You glow in the dark.
You regain HP and MP as you explore.


Message History

The troll's fire resistance burns away.
The phantom hits you.
Saving game... please wait.
Level annotation: Blork the orc Welcome back, hawla the Meteoran Fire Elementalist.
Press ? for a list of commands and other information.
Cast which spell? (? or * to list)
Casting: Flame Wave (dangerous; 10% risk of failure)
Press: ? - help, Dir - look around, f - activate A wave of flame ripples out!
The flame wave engulfs the phantom.
The phantom is burned terribly!
You destroy the phantom! (Press . to intensify the flame waves.)
A phantom comes into view.
A wave of flame ripples out!
The flame wave engulfs Blork the orc!
Blork the orc is moderately wounded.
The flame wave engulfs the troll.
The troll is burned terribly!
The troll is moderately wounded.
Blork the orc closely misses you. The troll barely misses you.
The troll completely misses you. The troll barely misses you.
Unknown command.
A wave of flame ripples out!
The flame wave engulfs Blork the orc!
Blork the orc is severely wounded.
The flame wave engulfs the troll!
The troll is burned terribly!
The troll is severely wounded.
You finish channelling waves of flame.
You hear a bark!
Blork the orc hits you with a +0 dire flail!
Blork the orc screams, "I'll rip your head off!"
Blork the orc barely misses you. The troll bites you.
* * * LOW HITPOINT WARNING * * *
The troll claws you but does no damage. The troll barely misses you.
As you read the scroll labelled FOINUA EGUAPE, it crumbles to dust.
It is a scroll of identify.
e - 2 potions of curing Blork the orc barely misses you.
A scorpion comes into view.
The troll bites you!
* * * LOW HITPOINT WARNING * * *
The troll claws you!
You die...

,, * ,, , * ,
............( .. * , , .
.......... ....######
*#.......... ,
....ยง.<.##s##.#.......,
, .....##.............#*
.... .....W.......#
.##** *#.......oT..###..
, , .#......@....... ,
.#.............., , *
#.........#####
,#..........., ,
..##.......## * #
#.......# * ......... *
* ##....##### , * ,


You could see a troll (combustible), Blork the orc (fast), a phantom and a
scorpion.

Vanquished Creatures
  Eustachio (D:4)
  Menkaure (D:4)
  An ogre (D:4)
  A phantom (D:5)
  A necrophage (D:4)
  4 hounds
  An iguana (D:4)
  3 adders
  A shadow imp (D:5)
  3 worms
  An orc (D:3)
  An endoplasm (D:4)
  2 hobgoblins
  3 jackals (D:3)
  2 quokkas (D:4)
  A ball python (D:4)
  4 kobolds (D:4)
31 creatures vanquished.

Vanquished Creatures (others)
  72 foxfires
72 creatures vanquished.

Grand Total: 103 creatures vanquished

Notes
Turn   | Place    | Note
-------+----------+-------------------------------------------
     0 | D:1      | hawla the Meteoran Fire Elementalist began the quest for
                  | the Orb.
     0 | D:1      | Reached XP level 1. HP: 14/14 MP: 5/5
     8 | D:1      | You fall into a shaft and drop 1 floor!
    30 | D:2      | Reached XP level 2. HP: 20/20 MP: 0/6
    42 | D:2      | Learned a level 2 spell: Scorch
    77 | D:4      | Noticed a hound
    77 | D:4      | Noticed a hound
    84 | D:3      | Killed a hound
    85 | D:3      | Reached XP level 3. HP: 13/26 MP: 1/9
    85 | D:3      | Reached XP level 4. HP: 17/33 MP: 1/10
    90 | D:3      | Learned a level 4 spell: Flame Wave
   124 | D:4      | Noticed a necrophage
   132 | D:3      | Reached XP level 5. HP: 18/38 MP: 2/11
   150 | D:4      | Noticed Menkaure
   154 | D:4      | Killed Menkaure
   155 | D:4      | Reached XP level 6. HP: 24/45 MP: 4/13
   204 | D:4      | Reached skill level 5 in Fire Magic
   256 | D:4      | Found Ijeri's Antique Armour Boutique.
   388 | D:4      | Reached XP level 7. HP: 45/50 MP: 9/15
   408 | D:4      | Found a faded altar of an unknown god.
   416 | D:4      | Found a hazy altar of Hepliaklqana.
   418 | D:4      | Reached skill level 5 in Spellcasting
   419 | D:4      | Found a faded altar of an unknown god.
   475 | D:4      | Found Semeallo's Weapon Emporium.
   537 | D:5      | Entered Level 5 of the Dungeon
   537 | D:5      | Noticed Eustachio
   549 | D:4      | Killed Eustachio
   550 | D:4      | Reached skill level 5 in Conjurations
   552 | D:4      | Reached XP level 8. HP: 21/58 MP: 8/18
   580 | D:5      | Noticed a troll
   580 | D:5      | Noticed Blork the orc
   588 | D:5      | Slain by a troll

Illustrated notes

Levels and vault maps discovered:
D:1:      dpeg_arrival_tiny_j, layout_rooms
D:2:      layout_basic, shapermc_ecumenical_altar_venn,
          minmay_randomly_rotated_circles
D:3:      layout_loops_ring, grunt_temple_overflow_gold_and_silver,
          general_overflow_altar, mainiacjoe_overflow_catwalk_spiral,
          minmay_misc_feat_five, st_stairs_9, solitary_fountain, nrook_uturn,
          uniq_terence
D:4:      layout_rooms, nicolae_hepliaklqana_ecumenical_no_more, serial_shops,
          shop_statue, nicolae_shop_competitors_out_of_business, uniq_menkaure
D:5:      layout_rooms, gammafunk_ghost_abyssal_escape, uniq_eustachio,
          uniq_blork_the_orc

Skill      XL: |  1  2  3  4  5  6  7 |
---------------+----------------------+-----
Fire Magic     | 4 5 6 |  6.3
Spellcasting   | 3 4 6 |  6.2
Conjurations   | 2 3 4 5 |  5.2
Dodging        | 3 |  3.3
Fighting       | |  0.3
Long Blades    | |  0.4
Stealth        | |  1.4

Action                   |  1- 3 |  4- 6 |  7- 9 || total
-------------------------+-------+-------+-------++-------
Melee: Unarmed           |     6 |     1 |       ||     7
       Punch             |     1 |       |       ||     1
       Long sword        |       |     3 |     1 ||     4
 Cast: Foxfire           |    14 |    20 |     7 ||    41
       Scorch            |     2 |     9 |    10 ||    21
       Flame Wave        |       |     1 |     3 ||     4
  Use: Potion            |       |       |     1 ||     1
       Scroll            |       |       |     1 ||     1
Armor: Robe              |     1 |     1 |     3 ||     5
Dodge: Dodged            |     3 |    10 |    15 ||    28
